 Dungeon Crawl Stone Soup version 0.32-a0-131-g9dbbe29261 (webtiles) character file.

Game seed: 14804822677298036550

103 Dittersdorf the Shield-Bearer (level 4, 0/29 HPs)
             Began as a Gargoyle Fighter on Feb 8, 2024.
             Slain by an ogre
             ... wielding a +0 giant club
              (17 damage)
             ... on level 4 of the Dungeon.
             The game lasted 00:02:53 (3142 turns).

Dittersdorf the Shield-Bearer (Gargoyle Fighter)    Turns: 3142, Time: 00:02:54

Health: 0/29       AC: 11    Str: 21    XL:     4   Next: 79%
Magic:  13/13      EV: 10    Int:  9    God:
Gold:   178        SH:  4    Dex:  9    Spells: 3/3 levels left

rFire   + . .        a - +0 flail
rCold   + . .        c - +0 buckler
rNeg    + . .        t - +2 leather armour of Disguise {rElec Slay+5}
rPois   ∞            (no helmet)
rElec   +            p - scarf {rC+ rF+}
rCorr   .            u - +1 pair of gloves
SInv    .            (no boots)
Will    .....        (no amulet)
Stlth   +            n - ring of magical power
HPRegen 0.24/turn    (no ring)
MPRegen 0.13/turn

%: no passive effects
@: no status effects
A: sickness immunity, AC +3, negative energy resistance 1, electricity
resistance, torment resistance 1, petrification resistance
a: no special abilities


You were on level 4 of the Dungeon.
You visited 1 branch of the dungeon, and saw 4 of its levels.

You collected 178 gold pieces.

Inventory:

Hand Weapons
 a - a +0 flail (weapon)
Armour
 c - a +0 buckler (worn)
 p - a scarf of resistance (worn)
 s - a +0 scale mail of cold resistance
 t - the +2 leather armour of Disguise (worn) {rElec Slay+5}
   (You found it on level 3 of the Dungeon)

   Slay+5:    It affects your accuracy & damage with ranged weapons and melee
   (+5).
   rElec:     It insulates you from electricity.
 u - a +1 pair of gloves (worn)
Jewellery
 n - a ring of magical power (left hand)
Scrolls
 h - 2 scrolls of vulnerability {unknown}
 k - 8 scrolls of identify {unknown}
 l - a scroll of fear {unknown}
 o - a scroll of revelation {unknown}
 q - 3 scrolls of noise {unknown}
 r - a scroll of brand weapon {unknown}
Potions
 b - 2 potions of invisibility {unknown}
 d - 2 potions of might
 e - 5 potions of curing {unknown}
 f - 3 potions of brilliance {unknown}
 g - a potion of cancellation {unknown}
 j - a potion of haste {unknown}
 m - a potion of magic {unknown}


   Skills:
 + Level 4.0 Fighting
 + Level 2.9 Maces & Flails
 + Level 4.0 Armour
 + Level 4.1 Shields


You had 3 spell levels left.
You didn't know any spells.
Your spell library contained the following spells:

 Spells                   Type           Power      Damage    Failure   Level
 Freeze                   Ice            0%         1d3       50%         1
 Necrotise                Necr           0%         1d4       50%         1
 Shock                    Conj/Air       0%         1d3       50%         1
 Frozen Ramparts          Ice            0%         1d1       86%         3
 Hailstorm                Conj/Ice       0%         3d5       86%         3
 Swiftness                Air            0%         N/A       86%         3
 Airstrike                Air            0%         2d(0-16)  99%         4
 Dispel Undead            Necr           0%         3d6       99%         4
 Starburst                Conj/Fire      0%         6d3       100%        6


Dungeon Overview and Level Annotations

Branches:
Dungeon (4/15)
 Temple: D:4-7

Altars:

Shops:
D:1 ?


Innate Abilities, Weirdness & Mutations

You are immune to sickness and miasma.
Your stone body is resilient. (AC +3)
You are immune to poison.
You resist negative energy. (rN+)
You are resistant to electric shocks. (rElec)
You are resistant to unholy torment.
You are immune to petrification.


Message History

No target in view!
No target in view!
HP restored.
Found a stone staircase leading down.
You see here a +1 pair of gloves.
No target in view!
u - a +1 pair of gloves You start removing your armour.
You continue taking off your +0 pair of gloves. x4
You finish taking off your +0 pair of gloves.
You start putting on your armour.
You continue putting on your +1 pair of gloves. x5
You finish putting on your +1 pair of gloves.
You now have 178 gold pieces (gained 13).
Found a stone staircase leading up.
You drop a +0 pair of gloves.
Found a stone staircase leading down.
An ogre comes into view. It is wielding a +0 giant club.
Found a stone staircase leading down.
You see here 13 gold pieces.
You block the ogre's attack.
You hit the ogre.
The ogre is lightly wounded.
You block the ogre's attack.
You sock the ogre!
The ogre is moderately wounded.
You hit the ogre.
The ogre is heavily wounded.
The ogre closely misses you.
You hit the ogre.
The ogre is severely wounded.
The ogre hits you with a +0 giant club!
You hit the ogre.
The ogre is severely wounded.
The ogre closely misses you.
You barely miss the ogre.
The ogre is severely wounded.
The ogre hits you with a +0 giant club!
Ouch! That really hurt!
You die...

#.#........# #...#
#..........####...######
##.........[............
...>..#.....>...........
#....#.................
#....##.####...#.###.
#...$...# #...#..##.
#.###..#### #.####.###
#.....@# #.# .. .
#####O## #.# #### #. #..
... #. ### #### >. ##


You could see an ogre.

Vanquished Creatures
  An orc wizard (D:3)
  An adder (D:3)
  3 dart slugs
  2 ribbon worms (D:2)
  6 orcs
  A ball python (D:3)
  4 endoplasms
  3 giant cockroaches
  7 goblins
  2 hobgoblins
  7 kobolds
  2 quokkas
  6 bats
  3 frilled lizards
  5 rats
53 creatures vanquished.

Notes
Turn   | Place    | Note
-------+----------+-------------------------------------------
     0 | D:1      | Dittersdorf the Gargoyle Fighter began the quest for the
                  | Orb.
     0 | D:1      | Reached XP level 1. HP: 14/14 MP: 1/1
    87 | D:1      | Reached XP level 2. HP: 19/19 MP: 2/2
   276 | D:1      | Found Nylaul's Magic Scroll Emporium.
   685 | D:1      | Found a faded altar of an unknown god.
   831 | D:2      | Reached XP level 3. HP: 20/23 MP: 3/3
  2321 | D:3      | Reached XP level 4. HP: 10/29 MP: 4/4
  2601 | D:3      | Got Sif Muna's Grimoire of Scorching Maleficent Liturgies
  2903 | D:3      | Identified the +2 leather armour of Disguise {rElec Slay+5}
  2907 | D:3      | Identified the +8 short sword of Analysis {spect, Fly rCorr
                  | SInv}
  3133 | D:4      | Noticed an ogre
  3142 | D:4      | Slain by an ogre

Illustrated notes

Levels and vault maps discovered:
D:1:      ldierk_walled_garden, layout_basic,
          dilly_ecumenical_altar_fadedgnrine, serial_shops,
          nicolae_shop_peninsula, minmay_tromino_v2
D:2:      layout_rooms, serial_co_window_serial, co_window_corner_a,
          co_window_corner_a, co_window_cross_1, co_window_corner_a,
          co_window_cross_1, co_window_corner_a, co_window_of_opportunity_a,
          co_window_corner_cb, co_window_2corner, co_window_2corner,
          co_window_2corner, co_window_unsneaky_path_a, co_window_2corner,
          co_window_unsneaky_path_d, glass_columns_b, glass_columns_b,
          glass_columns_b, glass_columns_c
D:3:      layout_loops_ring
D:4:      layout_loops_cross, nicolae_vehumet_altar_sigil,
          minmay_temple_entry_enclosed_plants, serial_shops, shop,
          serial_co_window_serial, co_window_of_opportunity_a,
          co_window_paths_a, co_window_paths_b, co_window_cross_1,
          co_window_paths_b, co_window_broadway_c, co_window_corner_ca,
          co_window_of_opportunity_b, co_window_paths_e, co_window_4corner_a,
          glass_columns_b, glass_columns_b, glass_columns_c, glass_columns_b,
          uniq_robin, uniq_grinder

Skill      XL: |  1  2  3  4 |
---------------+-------------+-----
Shields        | 4 |  4.1
Fighting       | 4 |  4.0
Armour         | 4 |  4.0
Maces & Flails | |  2.9

Action                     |  1- 3 |  4- 6 || total
---------------------------+-------+-------++-------
  Melee: Flail             |   134 |    44 ||   178
 Armour: Scale mail        |   131 |    36 ||   167
         Leather armour    |       |     2 ||     2
  Dodge: Dodged            |    62 |    22 ||    84
  Block: Buckler           |    31 |    11 ||    42

Table legend: (Time is in decaauts)
 A = Elapsed time spent in this place.
 B = Non-inter-level travel time spent in this place.
 C = Inter-level travel time spent in this place.
 D = Time resting spent in this place.
 E = Time spent auto-exploring this place.
 F = Levels seen in this place.
 G = Mean time per level.
                   A        B        C        D        E       F      G
               +--------+--------+--------+--------+--------+-----+--------+
         Total |   3199 |   3102 |     97 |    140 |   2394 |   4 |  799.8 |
       Dungeon |   3199 |   3102 |     97 |    140 |   2394 |   4 |  799.8 |
               +--------+--------+--------+--------+--------+-----+--------+

Top non-repeatable levels by time:
     D:2: 1343 daAuts
     D:1: 841 daAuts
     D:3: 815 daAuts
     D:4: 198 daAuts
